 Dungeon Crawl Stone Soup version 0.29-a0-520-gc852659d43 (console) character file.

Game seed: 4239711615231466282

106 capslocke the Insei (level 5, -4/37 HPs)
             Began as a Djinni Transmuter on June 1, 2022.
             Slain by Terence
             ... wielding a +0 hand axe
              (5 damage)
             ... on level 3 of the Dungeon.
             The game lasted 00:10:41 (3148 turns).

capslocke the Insei (Djinni Transmuter)             Turns: 3148, Time: 00:10:42

Health: -4/37      AC:  5    Str:  9    XL:     5   Next: 10%
Gold:   137        EV: 11    Int: 16    God:
                   SH:  0    Dex: 14

rFire   + + .      SeeInvis .   c - +1 dagger (speed)
rCold   x . .      Faith    .   (no shield)
rNeg    . . .      Spirit   .   e - +0 ring mail
rPois   ∞          Reflect  .   (no helmet)
rElec   .          Harm     .   (no cloak)
rCorr   .          Rampage  .   (no gloves)
Will    .....                   (boots unavailable)
Stlth   +.........              (no amulet)
HPRegen 0.12/turn               (no ring)
MPRegen 0.00/turn               (no ring)

@: flying
A: sickness immunity, fire resistance 2, cold vulnerability 1, float, innate
caster, HP casting, extra vitality 1
a: no special abilities


You were on level 3 of the Dungeon.
You visited 1 branch of the dungeon, and saw 3 of its levels.

You collected 137 gold pieces.

Inventory:

Hand Weapons
 c - a +1 dagger of speed (weapon)
Armour
 a - a +0 robe
 e - a +0 ring mail (worn)
Scrolls
 d - 5 scrolls of identify {unknown}
 i - 2 scrolls of magic mapping {unknown}
 j - a scroll of fear {unknown}
 m - a scroll of teleportation {unknown}
 o - a scroll of noise {unknown}
 p - a scroll of torment {unknown}
 q - a scroll of fog {unknown}
Potions
 b - a potion of lignification
 f - a potion of heal wounds {unknown}
 h - 2 potions of haste {unknown}
 k - 2 potions of might {unknown}
 l - a potion of invisibility {unknown}
 n - a potion of flight {unknown}


   Skills:
 + Level 1.4 Fighting
 + Level 1.4 Short Blades
 + Level 1.0 Armour
 + Level 3.1 Dodging
 + Level 3.6 Unarmed Combat
 + Level 2.1 Spellcasting


You couldn't memorise any spells.
You knew the following spells:

 Your Spells              Type           Power      Damage    Failure   Level
a - Beastly Appendage     Tmut           16%        N/A       24%         1
b - Wereblood             Tmut           8%         N/A       34%         2
c - Spider Form           Tmut/Pois      8%         N/A       56%         3
d - Ice Form              Ice/Tmut       8%         N/A       93%         4
e - Freeze                Ice            32%        1d5       24%         1
f - Ensorcelled Hibernat  Hex/Ice        16%        N/A       34%         2
Your spell library was empty.

Dungeon Overview and Level Annotations

Branches:
Dungeon (3/15)

Altars:

Annotations:
D:3 Terence


Innate Abilities, Weirdness & Mutations

You are immune to sickness and miasma.
You are immune to poison.
Your flesh is very heat resistant. (rF++)
You are vulnerable to cold. (rC-)
You float through the air rather than walking.
You learn spells naturally, not from books.
Your magical power is your life essence.
You have superior vitality. (+4 MHP)


Message History

You hit Terence but do no damage.
Terence is severely wounded.
Terence hits you with a +0 hand axe.
* * * LOW HITPOINT WARNING * * *
You hit Terence but do no damage.
Terence is severely wounded.
You hit Terence but do no damage.
Terence is severely wounded.
Terence says, "Did you write a will?
You should..."
Terence closely misses you.
You barely miss Terence.
Terence is severely wounded.
Terence hits you with a +0 hand axe.
* * * LOW HITPOINT WARNING * * *
You hit Terence but do no damage.
Terence is severely wounded.
You hit Terence but do no damage.
Terence is severely wounded.
Terence hits you with a +0 hand axe.
* * * LOW HITPOINT WARNING * * *
Terence shouts, "Now you die!"
Your primal bloodlust has ended.
You see here a quokka skeleton.
You closely miss Terence.
Terence is heavily wounded.
Terence hits you with a +0 hand axe.
* * * LOW HITPOINT WARNING * * *
The goblin unwields a +0 club.
The goblin wields a +0 hunting sling.
The goblin shoots a sling bullet.
The sling bullet hits you.
* * * LOW HITPOINT WARNING * * *
Terence attacks as you move away! Terence misses you.
You aren't carrying any items that you can evoke.
The goblin shoots a sling bullet.
The sling bullet barely misses you. Terence attacks as you move away!
Terence barely misses you. Terence attacks as you move away!
Terence barely misses you. Terence attacks as you move away!
Terence closely misses you. Terence attacks as you move away!
Terence hits you with a +0 hand axe.
* * * LOW HITPOINT WARNING * * *
Terence attacks as you move away! Terence hits you with a +0 hand axe.
You die...

#.......###....
##...>.........
###....#.l......
#....ol....#....
#######....###......# #
#######........g.# #......#
#
#.....#.#####....###.......
#
#.......###................
#
#.........@@########.......
# #.....####### #....... #
#..<..# #....... #######


You could see Terence, an orc, a goblin and a frilled lizard.

Vanquished Creatures
  2 adders
  4 worms
  3 dart slugs
  3 orcs
  4 ball pythons
  8 endoplasms
  4 giant cockroaches
  4 goblins
  3 hobgoblins
  3 jackals (D:1)
  5 quokkas
  6 bats
  5 frilled lizards
  3 kobolds (D:1)
  4 rats
61 creatures vanquished.

Notes
Turn   | Place    | Note
-------+----------+-------------------------------------------
     0 | D:1      | capslocke the Djinni Transmuter began the quest for the
                  | Orb.
     0 | D:1      | Reached XP level 1. HP: 17/17 MP: 0/0
   314 | D:1      | Reached XP level 2. HP: 11/22 MP: 0/0
   900 | D:1      | Reached XP level 3. HP: 27/27 MP: 0/0
   900 | D:1      | Learned a level 1 spell: Freeze
  1630 | D:2      | Reached XP level 4. HP: 31/32 MP: 0/0
  1647 | D:2      | Reached skill level 1 in Short Blades
  2224 | D:2      | Reached skill level 1 in Armour
  2840 | D:3      | Reached XP level 5. HP: 22/37 MP: 0/0
  2840 | D:3      | Learned a level 2 spell: Ensorcelled Hibernation
  3090 | D:3      | Noticed Terence
  3137 | D:3      | HP: 1/37 [goblin/sling bullet (1)]
  3147 | D:3      | HP: 1/37 [Terence/+0 hand axe (1)]
  3148 | D:3      | Slain by Terence

Illustrated notes

Levels and vault maps discovered:
D:1:      onia_arrival_mini_maze_b, layout_loops_ring
D:2:      layout_basic
D:3:      layout_rooms, minmay_randomly_rotated_circles, uniq_terence

Skill      XL: |  1  2  3  4 |
---------------+-------------+-----
Short Blades   | 1 |  1.4
Dodging        | 3 |  3.1
Armour         | 1 |  1.0
Spellcasting   | 2 |  2.1
Fighting       | |  1.4
Unarmed Combat | |  3.6

Action                   |  1- 3 |  4- 6 || total
-------------------------+-------+-------++-------
Melee: Unarmed           |    28 |       ||    28
       Headbutt          |     5 |    11 ||    16
       Dagger            |   118 |   172 ||   290
       Punch             |     2 |     7 ||     9
 Cast: Beastly Appendage |     8 |     9 ||    17
       Freeze            |       |     2 ||     2
       Wereblood         |       |     1 ||     1
  Use: Potion            |       |     2 ||     2
Armor: Robe              |     5 |       ||     5
       Ring mail         |    28 |    39 ||    67
Dodge: Dodged            |    63 |    69 ||   132

Table legend: (Time is in decaauts)
 A = Elapsed time spent in this place.
 B = Non-inter-level travel time spent in this place.
 C = Inter-level travel time spent in this place.
 D = Time resting spent in this place.
 E = Time spent auto-exploring this place.
 F = Levels seen in this place.
 G = Mean time per level.
                   A        B        C        D        E       F      G
               +--------+--------+--------+--------+--------+-----+--------+
         Total |   3041 |   2960 |     81 |   1076 |   1372 |   3 | 1013.7 |
       Dungeon |   3041 |   2960 |     81 |   1076 |   1372 |   3 | 1013.7 |
               +--------+--------+--------+--------+--------+-----+--------+

Top non-repeatable levels by time:
     D:1: 1550 daAuts
     D:2: 1077 daAuts
     D:3: 412 daAuts
